 Dungeon Crawl Stone Soup version 0.25.1-2-g60ff931df9 (webtiles) character file.

Game seed: 12832656717046569500

139 ArchParadox the Skirmisher (level 5, -10/51 HPs)
             Began as a Naga Fighter on Sept 21, 2020.
             Was an Initiate of Okawaru.
             Mangled by an iguana (12 damage)
             ... on level 4 of the Dungeon.
             The game lasted 00:05:02 (1362 turns).

ArchParadox the Skirmisher (Naga Fighter)           Turns: 1362, Time: 00:05:03

Health: -10/51     AC:  7    Str: 19    XL:     5   Next: 22%
Magic:  5/5        EV:  5    Int:  9    God:    Okawaru [......]
Gold:   197        SH:  8    Dex: 10    Spells: 4/4 levels left

rFire    . . .     SeeInvis +   a - +0 long sword
rCold    . . .     Gourm    .   c - +0 kite shield
rNeg     . . .     Faith    .   b - +0 scale mail
rPois    +         Spirit   .   r - +0 helmet
rElec    .         Reflect  .   (no cloak)
rCorr    .         Harm     .   e - +0 pair of gloves
MR       .....                  (no barding)
Stlth    ..........             (no amulet)
HPRegen  0.17/turn              (no ring)
MPRegen  0.09/turn              (no ring)

@: very slow
A: large, see invisible, deformed body, poison resistance, slowness 2, slow
metabolism 1, spit poison 1, AC +1
a: Spit Poison, Renounce Religion


You were on level 4 of the Dungeon.
You worshipped Okawaru.
Okawaru was noncommittal.
You were not hungry.

You visited 1 branch of the dungeon, and saw 5 of its levels.

You collected 197 gold pieces.

Inventory:

Hand Weapons
 a - a +0 long sword (weapon)
Armour
 b - a +0 scale mail (worn)
 c - a +0 kite shield (worn)
 e - a +0 pair of gloves (worn)
 m - a +0 helmet
 r - a +0 helmet (worn)
Jewellery
 h - an uncursed ring of poison resistance
 l - an uncursed ring of magical power
Scrolls
 g - a scroll of magic mapping {unknown}
 i - a scroll of identify
 j - a scroll of blinking {unknown}
 k - 3 scrolls of teleportation {unknown}
 n - a scroll of noise {unknown}
 o - a scroll of random uselessness {unknown}
 s - a scroll of immolation {unknown}
Potions
 d - a potion of might
 p - a potion of haste {unknown}
Comestibles
 f - 2 rations
 q - 3 chunks of flesh


   Skills:
 * Level 4.4 Fighting
 * Level 3.7 Long Blades
 - Level 2.4 Armour
 + Level 2.7 Shields


You had 4 spell levels left.
You didn't know any spells.
Your spell library was empty.

Dungeon Overview and Level Annotations

Branches:
Dungeon (5/15)
 Temple: D:4-7

Altars:
Ashenzari
Okawaru
Sif Muna
Zin


Innate Abilities, Weirdness & Mutations

You cannot wear boots.
Your serpentine skin is tough. (AC +1)
You have supernaturally acute eyesight. (SInv)
Armour fits poorly on your strangely shaped body.
Your system is resistant to poisons. (rPois)
You cover ground very slowly.
You have a slow metabolism.
You can spit poison.


Message History

You hit the iguana.
The iguana is moderately wounded.
The iguana bites you!
You are too injured to fight recklessly!
You are too injured to fight recklessly!
You are too injured to fight recklessly!
Your shield and scale mail prevent you from hitting the iguana.
The iguana is moderately wounded.
You have got your breath back.
The iguana looks more healthy.
The iguana bites you!
* * * LOW HITPOINT WARNING * * *
The iguana bites you but does no damage.
You completely miss the iguana.
The iguana is heavily wounded.
The iguana bites you!
* * * LOW HITPOINT WARNING * * *
Okay, then.
Okay, then.
The iguana bites you!
You die...

### ... #.### #.
$..# #.# #.###
#.# #.l.# ######
#.###@#.# .....#
#.....#.# ####.#
#.#.###.# #.#
####.#.# #.#
####.####......#
#.#
.............###
#.#
###.#####.####
#.# ##...## #.#
#..
#.....###.#######


You could see an iguana.

Vanquished Creatures
  A scorpion (D:4)
  An iguana (D:4)
  A worker ant (D:4)
  An adder (D:2)
  A worm (D:2)
  A dart slug (D:1)
  2 bats
  A giant cockroach (D:2)
  4 goblins
  3 hobgoblins
  3 kobolds (D:1)
  2 ball pythons
  A frilled lizard (D:1)
  2 rats (D:1)
24 creatures vanquished.

Notes
Turn   | Place    | Note
-------+----------+-------------------------------------------
     0 | D:1      | ArchParadox the Naga Fighter began the quest for the Orb.
     0 | D:1      | Reached XP level 1. HP: 21/21 MP: 1/1
   134 | D:1      | Reached XP level 2. HP: 28/28 MP: 2/2
   804 | D:2      | Reached XP level 3. HP: 34/34 MP: 3/3
   884 | D:3      | Found an iron altar of Okawaru.
   886 | D:3      | Found a shattered altar of Ashenzari.
   888 | D:3      | Found a glowing silver altar of Zin.
   893 | D:3      | Became a worshipper of Warmaster Okawaru
   944 | D:5      | Entered Level 5 of the Dungeon
   954 | D:4      | Noticed a scorpion
   967 | D:4      | Killed a scorpion
   967 | D:4      | Reached skill level 4 in Fighting
   967 | D:4      | Reached XP level 4. HP: 29/44 MP: 4/4
  1110 | D:4      | Reached XP level 5. HP: 45/50 MP: 5/5
  1233 | D:4      | Found a shimmering blue altar of Sif Muna.
  1360 | D:4      | HP: 2/51 [iguana (12)]
  1362 | D:4      | Mangled by an iguana

Illustrated notes

Levels and vault maps discovered:
D:1:      minmay_arrival_plants_in_alcoves, layout_basic, minmay_misc_feat_rows,
          grunt_decor_cap
D:2:      layout_basic, nicolae_qazlal_eye_of_the_storm
D:3:      layout_loops_ring, grunt_temple_overflow_open, first_ration,
          palyth_stone_intersect
D:4:      layout_loops_ring, kennysheep_mini_moat, lemuel_crystal_altar,
          minmay_temple_entry_crystal_x, led_sif_book
D:5:      gammafunk_cloud_chamber, layout_loops_ring, enter_ossuary_2,
          uniq_prince_ribbit1, uniq_menkaure

Skill      XL: |  1  2  3 |
---------------+----------+-----
Long Blades    | 3 |  3.7
Fighting       | 4 |  4.4
Armour         | |  2.4
Shields        | |  2.7

Action                   |  1- 3 |  4- 6 || total
-------------------------+-------+-------++-------
Melee: Long sword        |    56 |    22 ||    78
 Abil: Spit Poison       |     5 |     2 ||     7
  Use: Scroll            |     2 |       ||     2
  Eat: Chunk             |       |     1 ||     1
Armor: Scale mail        |    23 |     7 ||    30
Dodge: Dodged            |    11 |     8 ||    19
Block: Kite shield       |    23 |     6 ||    29
       Rpst.: Long sword |     5 |     5 ||    10
